 Dungeon Crawl Stone Soup version 0.29.1-12-g30fa7ad0bf (webtiles) character file.

Game seed: 11957005697560641974

36 zeram the Trooper (level 3, -11/33 HPs)
             Began as a Hill Orc Fighter on Dec 24, 2022.
             Mangled by a kobold
             ... wielding a +1 whip of electrocution
              (20 damage)
             ... on level 2 of the Dungeon.
             The game lasted 00:03:37 (1392 turns).

zeram the Trooper (Hill Orc Fighter)                Turns: 1392, Time: 00:03:38

Health: -11/33     AC:  6    Str: 20    XL:     3   Next: 37%
Magic:  3/3        EV:  9    Int:  8    God:
Gold:   58         SH:  9    Dex: 10    Spells: 2/2 levels left

rFire   . . .      SeeInvis .   a - +0 war axe
rCold   . . .      Faith    .   c - +0 buckler
rNeg    . . .      Spirit   .   b - +0 scale mail
rPois   .          Reflect  +   (no helmet)
rElec   .          Harm     .   (no cloak)
rCorr   .          Rampage  .   (no gloves)
Will    .....                   (no boots)
Stlth   ..........              o - amulet of reflection
HPRegen 0.11/turn               (no ring)
MPRegen 0.08/turn               (no ring)

@: no status effects
A: no striking features
a: no special abilities


You were on level 2 of the Dungeon.
You visited 1 branch of the dungeon, and saw 2 of its levels.

You collected 58 gold pieces.

Inventory:

Hand Weapons
 a - a +0 war axe (weapon)
Armour
 b - a +0 scale mail (worn)
 c - a +0 buckler (worn)
Jewellery
 o - an amulet of reflection (around neck)
Scrolls
 f - a scroll of blinking {unknown}
 g - 2 scrolls of teleportation
 h - 2 scrolls of identify {unknown}
 j - a scroll of fog {unknown}
 k - a scroll of amnesia {unknown}
 n - a scroll of noise {unknown}
Potions
 d - a potion of might
 e - 2 potions of curing {unknown}
 i - a potion of invisibility {unknown}
 l - a potion of lignification {unknown}
 m - a potion of cancellation {unknown}


   Skills:
 + Level 4.1 Fighting
 + Level 3.4 Axes
 + Level 3.6 Armour
 + Level 0.3 Dodging
 + Level 3.6 Shields


You had 2 spell levels left.
You didn't know any spells.
Your spell library contained the following spells:

 Spells                   Type           Power      Damage    Failure   Level
 Ensorcelled Hibernation  Hex/Ice        0%         N/A       94%         2
 Passwall                 Tmut/Erth      0%         N/A       94%         2
 Swiftness                Air            0%         N/A       99%         3


Dungeon Overview and Level Annotations

Branches:
Dungeon (2/15)

Altars:


Message History

Done exploring.
Done exploring.
Done exploring.
Done exploring.
(D) Dungeon
Where to? (Enter - D:2, ? - help)
You see here a +0 dagger.
There is a stone staircase leading down here.
You climb downwards.
Found 4 poisoned darts.
There is a stone staircase leading up here.
Found 2 stones.
A goblin and a kobold come into view.
The kobold is wielding a +1 whip of electrocution.
The kobold shouts!
There are monsters nearby!
There are monsters nearby!
There are monsters nearby!
You slash the goblin!
You kill the goblin!
The kobold throws a stone.
The stone barely misses you.
Things that are here:
a +0 dagger; a goblin corpse The kobold throws a stone.
You reflect the stone off an invisible shield around you!
The stone closely misses the kobold.
An endoplasm comes into view.
The endoplasm quivers.
You slash the endoplasm!
You kill the endoplasm!
You hit the kobold. The kobold completely misses you.
You closely miss the kobold.
The kobold is severely wounded.
The kobold hits you with a +1 whip of electrocution.
You are electrocuted!!
Ouch! That really hurt!
* * * LOW HITPOINT WARNING * * *
The kobold hits you but does no damage.
You are electrocuted!!
Ouch! That really hurt!
You die...

##. #... ## ... .#
.(. .# #.# .#
######.# .#
.......###.#####
#.).@K....# ###
#.#######.#
#####.###.#
#....#.##.#
#######.......#
≈≈≈.......##..#
#####.#..##.#.#
####.#.##.#######..
#..###..<......#


You could see a kobold.

Vanquished Creatures
  2 dart slugs (D:1)
  2 bats (D:1)
  5 endoplasms
  5 goblins
  A hobgoblin (D:1)
  2 jackals (D:1)
  3 quokkas (D:1)
  A ball python (D:1)
  A frilled lizard (D:1)
  3 kobolds (D:1)
  4 rats (D:1)
29 creatures vanquished.

Notes
Turn   | Place    | Note
-------+----------+-------------------------------------------
     0 | D:1      | zeram the Hill Orc Fighter began the quest for the Orb.
     0 | D:1      | Reached XP level 1. HP: 19/19 MP: 1/1
   238 | D:1      | Reached XP level 2. HP: 21/27 MP: 2/2
   453 | D:1      | Reached skill level 4 in Fighting
   879 | D:1      | Reached XP level 3. HP: 24/33 MP: 3/3
  1126 | D:1      | Found a faded altar of an unknown god.
  1392 | D:2      | Mangled by a kobold

Illustrated notes

Levels and vault maps discovered:
D:1:      wander_arrival_lonely_grave, layout_basic,
          hellmonk_ecumenical_altar_inner_sanctum, minmay_tiny_reverse_x
D:2:      layout_loops_ring, basic_altar, corexii_corridor_pit, uniq_robin

Skill      XL: |  1  2 |
---------------+-------+-----
Fighting       | 4 |  4.1
Axes           | 3 |  3.4
Armour         | |  3.6
Dodging        | |  0.3
Shields        | |  3.6

Action                   || total
-------------------------++-------
Melee: War axe           ||    83
  Use: Scroll            ||     1
Armor: Scale mail        ||    52
Dodge: Dodged            ||    42
Block: Buckler           ||    20
       Reflection        ||     1
